[Event "ICCopen2016"]
[Site "Internet Chess Club"]
[Date "2016.06.03"]
[Round "3"]
[White "nikenwidiartto"]
[Black "olimpus"]
[Result "0-1"]
[ICCResult "White resigns"]
[WhiteElo "1858"]
[BlackElo "2708"]
[Opening "Robatsch (modern) defense"]
[ECO "B06"]
[NIC "KF.06"]
[Time "19:23:14"]
[TimeControl "180+0"]

1. e4 g6 2. Nc3 Bg7 3. f4 d6 4. Nf3 c5 5. Bb5+ Bd7 6. Bxd7+ Qxd7 7. d3 Nc6
8. O-O e6 9. Qe1 Nge7 10. f5 gxf5 11. Bg5 Rg8 12. Qh4 h6 13. Bf6 Ng6
{White resigns}
0-1

[Event "ICCopen2016"]
[Site "Internet Chess Club"]
[Date "2016.06.03"]
[Round "3"]
[White "soumyat"]
[Black "doodlestoo"]
[Result "1-0"]
[ICCResult "Black checkmated"]
[WhiteElo "2045"]
[BlackElo "1416"]
[Opening "Philidor's defense"]
[ECO "C41"]
[NIC "KP.10"]
[Time "19:23:08"]
[TimeControl "180+0"]

1. e4 e5 2. Nf3 d6 3. Bc4 Nc6 4. O-O g6 5. c3 Bg7 6. h3 Nf6 7. d4 exd4 8.
cxd4 O-O 9. Nc3 a6 10. Re1 b5 11. Bd3 Bb7 12. Bg5 h6 13. Bh4 g5 14. Bg3 Qe7
15. a3 Rad8 16. Qd2 Rfe8 17. Rad1 Qf8 18. b3 Ne7 19. Bb1 c5 20. Qc2 cxd4 21.
Nxd4 d5 22. e5 Nd7 23. Qh7# {Black checkmated} 1-0

[Event "ICCopen2016"]
[Site "Internet Chess Club"]
[Date "2016.06.03"]
[Round "3"]
[White "fito"]
[Black "guille213"]
[Result "1-0"]
[ICCResult "Black checkmated"]
[WhiteElo "2303"]
[BlackElo "1206"]
[Opening "English opening"]
[ECO "A13"]
[NIC "EO.64"]
[Time "19:22:09"]
[TimeControl "180+0"]

1. c4 e6 2. Nc3 Bc5 3. d4 Bb4 4. Nf3 Nf6 5. e3 O-O 6. Bd3 c6 7. O-O Bxc3 8.
bxc3 d6 9. Qc2 Ne8 10. Bxh7+ Kh8 11. Bd3 Nf6 12. a4 e5 13. e4 exd4 14. cxd4
Bg4 15. Ng5 Nh7 16. Nxh7 Kxh7 17. e5+ f5 18. exf6+ Kg8 19. Bh7+ Kh8 20.
fxg7+ Kxg7 21. Qg6+ Kh8 22. Qxg4 Nd7 23. Bd3 Qf6 24. Qh5+ Kg8 25. Qh7#
{Black checkmated}
1-0

[Event "ICCopen2016"]
[Site "Internet Chess Club"]
[Date "2016.06.03"]
[Round "3"]
[White "mathman"]
[Black "paulohaddad"]
[Result "1-0"]
[ICCResult "Black checkmated"]
[WhiteElo "2383"]
[BlackElo "1717"]
[Opening "Giuoco Pianissimo"]
[ECO "C55"]
[NIC "IG.01"]
[Time "19:22:07"]
[TimeControl "180+0"]

1. e4 e5 2. Nf3 Nc6 3. Bc4 Nf6 4. d3 Bc5 5. c3 d6 6. Bb3 Bg4 7. h3 Bh5 8.
Nbd2 O-O 9. Nf1 a5 10. a4 d5 11. Qe2 dxe4 12. dxe4 Qe7 13. g4 Bg6 14. Ng3
Rfd8 15. Bg5 h6 16. Bd2 b6 17. Nh4 Bh7 18. Nhf5 Bxf5 19. Nxf5 Qd7 20. O-O-O
Qe8 21. g5 hxg5 22. Bxg5 Rxd1+ 23. Rxd1 Nh7 24. Rg1 Nxg5 25. Rxg5 g6 26.
Rxg6+ Kh7 27. Qh5# {Black checkmated} 1-0

[Event "ICCopen2016"]
[Site "Internet Chess Club"]
[Date "2016.06.03"]
[Round "3"]
[White "papko"]
[Black "franco"]
[Result "1-0"]
[ICCResult "Black checkmated"]
[WhiteElo "1519"]
[BlackElo "1129"]
[Opening "Sicilian: closed, 2...Nc6"]
[ECO "B23"]
[NIC "SI.44"]
[Time "19:22:33"]
[TimeControl "180+0"]

1. e4 c5 2. Nc3 Nc6 3. Nf3 e5 4. Bc4 d6 5. d3 Be7 6. Be3 Be6 7. Nd5 Nf6 8.
Qe2 O-O 9. O-O-O Nd4 10. Bxd4 cxd4 11. g4 Bxg4 12. Rhg1 Bh5 13. Rg5 Bg6 14.
Rdg1 Nxd5 15. Rxg6 fxg6 16. Bxd5+ Kh8 17. h4 Bxh4 18. Rh1 g5 19. Nxh4 gxh4
20. Qh5 Qf6 21. Rxh4 Qxf2 22. Qxh7# {Black checkmated} 1-0

[Event "ICCopen2016"]
[Site "Internet Chess Club"]
[Date "2016.06.03"]
[Round "3"]
[White "SuperGMBobbyF"]
[Black "servantalt"]
[Result "0-1"]
[ICCResult "White resigns"]
[WhiteElo "1202"]
[BlackElo "1630"]
[Opening "Caro-Kann defense"]
[ECO "B11"]
[NIC "CK.01"]
[Time "19:22:33"]
[TimeControl "180+0"]

1. e4 c6 2. Nc3 d5 3. exd5 cxd5 4. d4 e6 5. Nf3 Nf6 6. Bf4 Be7 7. Bb5+ Nbd7
8. Qd3 a6 9. Bxd7+ Bxd7 10. O-O-O b5 11. Ne5 Qa5 12. Kb1 Rc8 13. Bg5 b4 14.
Ne2 Bb5 15. Qd2 Ne4 16. Qe3 Nxg5 17. c4 dxc4 18. Qxg5 Bxg5 19. d5 c3 20.
dxe6 c2+ 21. Ka1 cxd1=Q+ 22. Rxd1 Bxe2 23. exf7+ Kf8 24. Nd7+ Kxf7 25. Ne5+
{White resigns}
0-1

[Event "ICCopen2016"]
[Site "Internet Chess Club"]
[Date "2016.06.03"]
[Round "3"]
[White "Kandor"]
[Black "klodshans"]
[Result "0-1"]
[ICCResult "White checkmated"]
[WhiteElo "1144"]
[BlackElo "1611"]
[Opening "French: King's Indian attack"]
[ECO "C00"]
[NIC "FR.02"]
[Time "19:22:32"]
[TimeControl "180+0"]

1. e4 e6 2. d3 d5 3. Nd2 c5 4. g3 d4 5. Bg2 Nc6 6. Ngf3 e5 7. O-O Bd6 8. Qe2
f6 9. c3 Nge7 10. h3 Be6 11. Kh2 Qd7 12. b3 O-O 13. Kg1 f5 14. Kh2 f4 15.
Re1 fxg3+ 16. fxg3 Rf6 17. Nf1 Raf8 18. Bg5 Rg6 19. g4 Nd8 20. Bh4 Nf7 21.
c4 h6 22. Qf2 Ng5 23. Qg3 Nxf3+ 24. Bxf3 h5 25. Kg1 hxg4 26. hxg4 Bxg4 27.
Nd2 Bxf3 28. Qxg6 Nxg6 29. Rf1 Qg4+ 30. Kf2 Qxh4+ 31. Kg1 Qh1+ 32. Kf2 Qg2+
33. Ke1 Nf4 34. Rf2 Nxd3# {White checkmated} 0-1

[Event "ICCopen2016"]
[Site "Internet Chess Club"]
[Date "2016.06.03"]
[Round "3"]
[White "pagoda"]
[Black "alan2015"]
[Result "1-0"]
[ICCResult "Black resigns"]
[WhiteElo "1891"]
[BlackElo "1294"]
[Opening "Dunst (Sleipner, Heinrichsen) opening"]
[ECO "A00"]
[NIC "VO.15"]
[Time "19:22:07"]
[TimeControl "180+0"]

1. Nc3 d5 2. e4 d4 3. Nce2 e5 4. Nf3 Nc6 5. Ng3 f6 6. Bc4 Qe7 7. c3 Be6 8.
Bxe6 Qxe6 9. cxd4 exd4 10. d3 O-O-O 11. O-O g5 12. Nf5 h5 13. Bd2 Nh6 14.
Rc1 Nxf5 15. exf5 Qxf5 16. b4 h4 17. b5 Ne5 18. Nxe5 fxe5 19. Qc2 Bd6 20.
Bb4 Qf7 21. Bxd6 Rxd6 22. a4 Kb8 23. Qe2 Rg8 24. Qxe5 g4 25. Rfe1 h3 26. Qe7
Qd5 27. Qxc7+ Ka8 28. Qc8+ {Black resigns} 1-0

[Event "ICCopen2016"]
[Site "Internet Chess Club"]
[Date "2016.06.03"]
[Round "3"]
[White "Krister"]
[Black "Darnoc"]
[Result "0-1"]
[ICCResult "White checkmated"]
[WhiteElo "1876"]
[BlackElo "2864"]
[Opening "French: Chigorin variation"]
[ECO "C00"]
[NIC "FR.01"]
[Time "19:22:49"]
[TimeControl "180+0"]

1. e4 e6 2. Qe2 d5 3. d3 Nc6 4. f4 dxe4 5. dxe4 e5 6. f5 g6 7. fxg6 hxg6 8.
c3 Be6 9. Nf3 Bh6 10. Na3 Qe7 11. Bxh6 Nxh6 12. Rd1 O-O 13. h3 Rfd8 14. Nc4
Rxd1+ 15. Qxd1 Rd8 16. Qc2 f5 17. Nfxe5 Nxe5 18. Nxe5 Qd6 19. Nf3 Qg3+ 20.
Ke2 Bc4+ 21. Ke3 f4# {White checkmated} 0-1

[Event "ICCopen2016"]
[Site "Internet Chess Club"]
[Date "2016.06.03"]
[Round "3"]
[White "ARMCOMPOSER"]
[Black "Joshdaruca"]
[Result "0-1"]
[ICCResult "White checkmated"]
[WhiteElo "3107"]
[BlackElo "2667"]
[Opening "Sicilian: Najdorf, 6.Bg5"]
[ECO "B94"]
[NIC "SI.04"]
[Time "19:22:30"]
[TimeControl "180+0"]

1. e4 c5 2. Nf3 d6 3. d4 cxd4 4. Nxd4 Nf6 5. Nc3 a6 6. Bg5 Nbd7 7. Bc4 Qb6
8. Bb3 e6 9. f4 Be7 10. f5 e5 11. Nde2 h6 12. Bxf6 Nxf6 13. Ba4+ Kf8 14. Bb3
Ng4 15. Qd5 Qf2+ 16. Kd2 Bg5+ 17. Kd3 Qe3+ 18. Kc4 b5+ 19. Kb4 Qa7 20. a4
Ne3 21. Qd3 Qc5+ 22. Ka5 Bd8# {White checkmated} 0-1

[Event "ICCopen2016"]
[Site "Internet Chess Club"]
[Date "2016.06.03"]
[Round "3"]
[White "TallTower"]
[Black "sonovkong"]
[Result "1-0"]
[ICCResult "Black resigns"]
[WhiteElo "1830"]
[BlackElo "1510"]
[Opening "English opening"]
[ECO "A05"]
[NIC "QP.11"]
[Time "19:22:36"]
[TimeControl "180+0"]

1. Nf3 Nf6 2. c4 d5 3. cxd5 Nxd5 4. e4 Nb6 5. d4 g6 6. Nc3 Bg7 7. Be3 c6 8.
Rc1 N8d7 9. Be2 e5 10. d5 cxd5 11. Nxd5 Nxd5 12. Qxd5 O-O 13. O-O Nb6 14.
Qc5 Na4 15. Qb4 Nb6 16. Rfd1 Qe8 17. Bxb6 axb6 18. a3 Ra4 19. Qxb6 Rxe4 20.
Bb5 Qe6 21. Qc5 Re8 22. Bxe8 Qxe8 23. Qxc8 {Black resigns} 1-0

[Event "ICCopen2016"]
[Site "Internet Chess Club"]
[Date "2016.06.03"]
[Round "3"]
[White "fearlessone"]
[Black "DrOussedik"]
[Result "0-1"]
[ICCResult "White checkmated"]
[WhiteElo "1675"]
[BlackElo "1689"]
[Opening "Van't Kruijs opening"]
[ECO "A00"]
[Time "19:22:36"]
[TimeControl "180+0"]

1. e3 e6 2. Ne2 c5 3. d3 Nf6 4. Nd2 d5 5. g3 Bd6 6. Bg2 Qc7 7. O-O O-O 8. b3
Nc6 9. Bb2 Be7 10. a3 Re8 11. Re1 b6 12. c4 Bb7 13. cxd5 exd5 14. Rc1 Rad8
15. Nf4 d4 16. exd4 Nxd4 17. Nf3 Nxf3+ 18. Bxf3 Qb8 19. Rc2 Qa8 20. Bxb7
Qxb7 21. Rce2 Qd7 22. Bxf6 Bxf6 23. Rxe8+ Rxe8 24. Rxe8+ Qxe8 25. Qg4 Bd4
26. h4 Qe1+ 27. Kh2 Qxf2+ 28. Kh3 Qf1+ 29. Kh2 Bg1+ 30. Kh1 Bf2+ 31. Kh2
Qg1+ 32. Kh3 Qh1# {White checkmated} 0-1

[Event "ICCopen2016"]
[Site "Internet Chess Club"]
[Date "2016.06.03"]
[Round "3"]
[White "A4-H5"]
[Black "ronj"]
[Result "1-0"]
[ICCResult "Black checkmated"]
[WhiteElo "1881"]
[BlackElo "1075"]
[Opening "QGD: Marshall defense"]
[ECO "D06"]
[NIC "QP.08"]
[Time "19:22:36"]
[TimeControl "180+0"]

1. d4 d5 2. c4 Nf6 3. Nf3 e6 4. e3 c5 5. Nc3 Be7 6. g4 O-O 7. g5 Ne4 8. Nxe4
dxe4 9. Nd2 Bxg5 10. Nxe4 b6 11. Rg1 Bf6 12. Qg4 g6 13. Qf3 Bg7 14. h4 Bb7
15. Nf6+ Bxf6 16. Qxb7 Nd7 17. h5 Kh8 18. Be2 cxd4 19. exd4 Bxd4 20. Bh6 Re8
21. hxg6 fxg6 22. O-O-O e5 23. Bg4 Nc5 24. Qg7# {Black checkmated} 1-0

[Event "ICCopen2016"]
[Site "Internet Chess Club"]
[Date "2016.06.03"]
[Round "3"]
[White "Ajolote"]
[Black "Shadowbane"]
[Result "0-1"]
[ICCResult "White checkmated"]
[WhiteElo "1424"]
[BlackElo "1735"]
[Opening "Robatsch (modern) defense"]
[ECO "B06"]
[NIC "KF.06"]
[Time "19:22:03"]
[TimeControl "180+0"]

1. e4 g6 2. Nf3 Bg7 3. d3 h6 4. Nc3 d6 5. Bd2 c5 6. g3 e5 7. Bg2 Nc6 8. Be3
Nge7 9. Qd2 f5 10. O-O g5 11. exf5 Nxf5 12. Ne1 Nxe3 13. fxe3 Be6 14. e4 Bf7
15. Qf2 O-O 16. Nf3 Bh5 17. Qe3 Bxf3 18. Rxf3 Nd4 19. Rxf8+ Qxf8 20. Qd2
Nf3+ 21. Bxf3 Qxf3 22. Rf1 Qh5 23. Qf2 Rf8 24. Qg2 Rxf1+ 25. Qxf1 a6 26. Nd5
Qf7 27. Qxf7+ Kxf7 28. Kf2 b5 29. b3 b4 30. Nc7 a5 31. Nd5 Ke6 32. g4 Bf8
33. h3 Be7 34. Ne3 Bd8 35. Nf5 h5 36. Ng3 hxg4 37. hxg4 d5 38. exd5+ Kxd5
39. Ne4 Kd4 40. Ke2 Be7 41. Kd1 Ke3 42. Kc1 Kf3 43. Kb2 Kxg4 44. a3 Kf4 45.
a4 g4 46. Kc1 g3 47. Kd1 g2 48. Ke1 g1=Q+ 49. Ke2 Bh4 50. Kd2 Qe1#
{White checkmated}
0-1

[Event "ICCopen2016"]
[Site "Internet Chess Club"]
[Date "2016.06.03"]
[Round "3"]
[White "Entoloma"]
[Black "Sebs"]
[Result "0-1"]
[ICCResult "White resigns"]
[WhiteElo "2037"]
[BlackElo "2993"]
[Opening "King's Indian: East Indian defense"]
[ECO "A48"]
[NIC "QP.06"]
[Time "19:22:25"]
[TimeControl "180+0"]

1. d4 Nf6 2. Nf3 g6 3. e3 Bg7 4. Be2 O-O 5. O-O c5 6. c3 d6 7. Nbd2 Nc6 8.
a4 e5 9. dxe5 dxe5 10. Nc4 e4 11. Qxd8 Rxd8 12. Nfd2 Bf5 13. Rd1 h5 14. Nb3
Rxd1+ 15. Bxd1 Rd8 16. Bd2 b6 17. Be1 Be6 18. Be2 Bxc4 19. Bxc4 Ne5 20. Be2
Nd3 21. Bxd3 exd3 22. Nd2 Ne8 23. a5 b5 24. a6 Nd6 25. Ra5 f5 26. f3 Bh6 27.
Bf2 Re8 28. Nf1 Kf7 29. h3 Ke6 30. g4 hxg4 31. hxg4 Kd5 {White resigns} 0-1

[Event "ICCopen2016"]
[Site "Internet Chess Club"]
[Date "2016.06.03"]
[Round "3"]
[White "lion100"]
[Black "ShadowLike"]
[Result "0-1"]
[ICCResult "White resigns"]
[WhiteElo "1342"]
[BlackElo "1973"]
[Opening "Scotch: Potter variation"]
[ECO "C45"]
[NIC "SO.05"]
[Time "19:22:51"]
[TimeControl "180+0"]

1. e4 e5 2. Nf3 Nc6 3. d4 exd4 4. Nxd4 Bc5 5. Nb3 Bb6 6. Nc3 Qf6 7. Qe2 Nge7
8. f3 d6 9. Be3 g5 10. O-O-O Be6 11. g3 Ng6 12. Qd2 h6 13. Bg2 Nce5 14. f4
Nc4 15. Qd3 Nxe3 16. Bf3 Nxd1 17. Rxd1 Bxb3 18. axb3 gxf4 19. gxf4 Qxf4+ 20.
Kb1 Ne5 21. Qb5+ c6 22. Qa4 Nxf3 23. e5 Qxa4 24. Nxa4 dxe5 {White resigns}
0-1

[Event "ICCopen2016"]
[Site "Internet Chess Club"]
[Date "2016.06.03"]
[Round "3"]
[White "bullbuffalo"]
[Black "catman"]
[Result "0-1"]
[ICCResult "White checkmated"]
[WhiteElo "1315"]
[BlackElo "1737"]
[Opening "Polish (Sokolsky) opening"]
[ECO "A00"]
[NIC "VO.10"]
[Time "19:22:20"]
[TimeControl "180+0"]

1. b4 e5 2. Bb2 Bxb4 3. Bxe5 Nf6 4. c4 Nc6 5. Bb2 O-O 6. e3 Re8 7. Nf3 d5 8.
Qc2 d4 9. Be2 dxe3 10. fxe3 Rxe3 11. Nc3 Re8 12. h4 Nd4 13. Nxd4 Qxd4 14.
Nd5 Qg4 15. O-O-O Qxe2 16. Bxf6 Ba3+ 17. Kb1 Qe4 18. d3 Qg6 19. Rde1 Bf5 20.
Bg5 Bxd3 21. Nf6+ gxf6 22. Bxf6 Bxc2+ 23. Ka1 Qxf6+ 24. Re5 Qxe5#
{White checkmated}
0-1

[Event "ICCopen2016"]
[Site "Internet Chess Club"]
[Date "2016.06.03"]
[Round "3"]
[White "Indiana-Jones"]
[Black "Mad-Cobra"]
[Result "1-0"]
[ICCResult "Black checkmated"]
[WhiteElo "2854"]
[BlackElo "1856"]
[Opening "Vienna game"]
[ECO "C25"]
[NIC "VG.04"]
[Time "19:22:36"]
[TimeControl "180+0"]

1. e4 e5 2. Nc3 d6 3. Nf3 Nc6 4. d4 exd4 5. Nxd4 Bd7 6. Qd2 Nf6 7. Bc4 Ne5
8. Be2 h6 9. O-O Be7 10. f4 Nc6 11. Nf3 O-O 12. Bd3 Bg4 13. Qf2 Bxf3 14.
gxf3 Nh7 15. Kh1 Kh8 16. Nd5 Nf6 17. Nxe7 Nxe7 18. b3 c5 19. Bb2 Nh7 20. Rg1
f6 21. Qg2 Rg8 22. Bc4 d5 23. exd5 Nf5 24. Rae1 Qd7 25. d6 Rge8 26. Bd3 Rxe1
27. Rxe1 g6 28. Qxg6 Ng3+ 29. Qxg3 Rg8 30. Qh4 Qc6 31. Bxf6+ Nxf6 32. Qxh6+
Nh7 33. Qxh7# {Black checkmated} 1-0

[Event "ICCopen2016"]
[Site "Internet Chess Club"]
[Date "2016.06.03"]
[Round "3"]
[White "NoPrep"]
[Black "jps7"]
[Result "1-0"]
[ICCResult "Black checkmated"]
[WhiteElo "2220"]
[BlackElo "1541"]
[Opening "French defense"]
[ECO "C00"]
[NIC "FR.01"]
[Time "19:22:26"]
[TimeControl "180+0"]

1. e4 e6 2. Nc3 d5 3. exd5 exd5 4. d4 c6 5. Bd3 Nf6 6. h3 Bd6 7. Nf3 Qe7+ 8.
Qe2 Qxe2+ 9. Nxe2 O-O 10. c4 Re8 11. O-O Be6 12. b3 Nbd7 13. Nf4 Nf8 14. a4
Bd7 15. a5 Ne4 16. cxd5 cxd5 17. Nxd5 Bf5 18. Rd1 Nc3 19. Nxc3 Bxd3 20. Rxd3
Rac8 21. Be3 Bb4 22. Nd5 Bd6 23. Bf4 Bb8 24. Bxb8 Rxb8 25. b4 b6 26. axb6
axb6 27. Ra6 Nd7 28. Ne5 Nxe5 29. dxe5 Rxe5 30. Rxb6 g6 31. Rxb8+ Kg7 32. f4
Re4 33. f5 gxf5 34. b5 Re1+ 35. Kf2 Rb1 36. b6 h5 37. b7 h4 38. Nc3 Rb3 39.
Ne2 Rxd3 40. Rc8 Rb3 41. b8=Q Rxb8 42. Rxb8 Kf6 43. Rb4 Ke5 44. Kf3 f6 45.
Rxh4 f4 46. Nxf4 f5 47. g4 fxg4+ 48. Rxg4 Kf6 49. h4 Kf5 50. h5 Kf6 51. h6
Kf5 52. h7 Kf6 53. h8=Q+ Kf5 54. Qh5+ Kf6 55. Rg6+ Kf7 56. Qh7+ Kf8 57. Rg8#
{Black checkmated}
1-0

[Event "ICCopen2016"]
[Site "Internet Chess Club"]
[Date "2016.06.03"]
[Round "3"]
[White "Pitchoun"]
[Black "hedgie"]
[Result "1-0"]
[ICCResult "Black resigns"]
[WhiteElo "2767"]
[BlackElo "2113"]
[Opening "Réti opening"]
[ECO "A04"]
[NIC "QP.10"]
[Time "19:22:37"]
[TimeControl "180+0"]

1. Nf3 c5 2. b3 Nc6 3. Bb2 d6 4. c4 e5 5. Nc3 f5 6. d3 Nf6 7. g3 Be7 8. Bg2
O-O 9. O-O h6 10. a3 Be6 11. e3 d5 12. cxd5 Nxd5 13. Nxd5 Bxd5 14. Qc2 e4
15. dxe4 Bxe4 16. Qc4+ Kh8 17. Rfd1 Qc7 18. Rd2 Rad8 19. Rad1 Rxd2 20. Rxd2
Bf6 21. Qxc5 Rf7 22. Bxf6 Rxf6 23. Nd4 Qf7 24. Bxe4 fxe4 25. Nxc6 Rxc6 26.
Qd5 Qf3 27. Rd1 Rc2 28. Rf1 h5 29. h4 Rc3 30. Qxb7 Rxe3 31. Qb8+ Kh7 32.
fxe3 Qxe3+ 33. Kg2 {Black resigns} 1-0

[Event "ICCopen2016"]
[Site "Internet Chess Club"]
[Date "2016.06.03"]
[Round "3"]
[White "jefferyx"]
[Black "DoctorWho"]
[Result "1-0"]
[ICCResult "Black resigns"]
[WhiteElo "2732"]
[BlackElo "2020"]
[Opening "Polish (Sokolsky) opening"]
[ECO "A00"]
[NIC "VO.10"]
[Time "19:22:04"]
[TimeControl "180+0"]

1. b4 d5 2. e3 e5 3. a3 c6 4. Bb2 Bd6 5. Nf3 Qe7 6. d4 e4 7. Nfd2 f5 8. c4
Be6 9. Nc3 a6 10. f4 Nf6 11. Be2 Nbd7 12. O-O O-O 13. Qb3 Rfc8 14. c5 Bc7
15. a4 Nf8 16. b5 axb5 17. axb5 Qe8 18. Qb4 Bd8 19. Nb3 Be7 20. Na5 Rab8 21.
Na4 N6d7 22. Qd2 Bf7 23. Rfb1 Ne6 24. Bc3 Bh5 25. bxc6 bxc6 26. Ba6 Rxb1+
27. Rxb1 Rb8 28. Bb7 Nd8 29. Qa2 Nxb7 30. Nxc6 Nd8 31. Nxb8 Nf6 32. Nb6 Qg6
33. Nxd5 Bf3 34. Nxe7+ {Black resigns} 1-0

[Event "ICCopen2016"]
[Site "Internet Chess Club"]
[Date "2016.06.03"]
[Round "3"]
[White "rovov"]
[Black "MasterZachary"]
[Result "0-1"]
[ICCResult "White checkmated"]
[WhiteElo "1618"]
[BlackElo "2219"]
[Opening "Réti accepted"]
[ECO "A09"]
[NIC "RE.19"]
[Time "19:21:56"]
[TimeControl "180+0"]

1. Nf3 d5 2. c4 dxc4 3. Qa4+ Nc6 4. Qxc4 Nf6 5. g3 e5 6. d3 Be6 7. Qc2 Bb4+
8. Bd2 O-O 9. a3 Ba5 10. Bg2 Bb6 11. O-O Re8 12. b4 Nd4 13. Nxd4 Bxd4 14.
Bc3 Bd5 15. Bxd4 Bxg2 16. Kxg2 exd4 17. Nd2 Qd5+ 18. Nf3 Re7 19. Rac1 Rae8
20. Rfe1 h5 21. Kf1 h4 22. Qc5 hxg3 23. Qxd5 gxh2 24. Qxf7+ Rxf7 25. Nxh2
Nd5 26. Nf3 Re6 27. Nxd4 Ne3+ 28. Kg1 Rg6+ 29. Kh1 Rf4 30. Nf3 Rh6+ 31. Kg1
Rg4# {White checkmated} 0-1

[Event "ICCopen2016"]
[Site "Internet Chess Club"]
[Date "2016.06.03"]
[Round "3"]
[White "DaveyJones"]
[Black "rookfish"]
[Result "1-0"]
[ICCResult "Black resigns"]
[WhiteElo "1500"]
[BlackElo "1067"]
[Opening "English opening"]
[ECO "A21"]
[NIC "EO.23"]
[Time "19:22:39"]
[TimeControl "180+0"]

1. c4 e5 2. Nc3 Bc5 3. e3 Nf6 4. d4 exd4 5. exd4 Bb6 6. a3 d5 7. c5 Ba5 8.
b4 c6 9. Qe2+ Be6 10. bxa5 Qxa5 11. Bd2 O-O 12. Nxd5 Qa4 13. Nxf6+ gxf6 14.
Nf3 Bc4 15. Qxc4 Re8+ 16. Ne5 Rxe5+ 17. dxe5 Qxc4 18. Bxc4 Nd7 19. e6 Ne5
20. exf7+ Kf8 21. Bb3 Rd8 22. Bh6+ Ke7 23. O-O Nxf7 24. Bxf7 Kxf7 25. Rad1
Rg8 26. Rd7+ Kg6 27. Bf4 h5 28. Rxb7 {Black resigns} 1-0

[Event "ICCopen2016"]
[Site "Internet Chess Club"]
[Date "2016.06.03"]
[Round "3"]
[White "acash"]
[Black "Drahacik"]
[Result "1-0"]
[ICCResult "Black resigns"]
[WhiteElo "1863"]
[BlackElo "2116"]
[Opening "Nimzovich-Larsen attack: modern variation"]
[ECO "A01"]
[NIC "VO.08"]
[Time "19:22:18"]
[TimeControl "180+0"]

1. b3 e5 2. Bb2 Nc6 3. e3 Nf6 4. Bb5 Bd6 5. Nf3 Qe7 6. O-O O-O 7. d4 e4 8.
Nfd2 Nd8 9. h3 c6 10. Be2 Bc7 11. c4 d5 12. cxd5 cxd5 13. Ba3 Bd6 14. Bxd6
Qxd6 15. Nc3 Nc6 16. Nb5 Qe7 17. a3 Bf5 18. Qc2 Rac8 19. Qb2 Qd7 20. Rfc1
Rfe8 21. Nf1 a6 22. Nc3 Ne7 23. Na4 Ng6 24. Nb6 Qe7 25. Nxc8 Bxc8 26. Qc2
Be6 27. Qc7 Nd7 28. Qxb7 Nh4 29. Ng3 Qg5 30. Rc8 Nf6 31. Rxe8+ Nxe8 32. Rc1
h5 33. Bxh5 Nf6 34. Be2 Bxh3 35. gxh3 Nf3+ 36. Bxf3 exf3 37. Qb8+ Kh7 38.
Qf4 Qg6 39. Qf5 {Black resigns} 1-0

[Event "ICCopen2016"]
[Site "Internet Chess Club"]
[Date "2016.06.03"]
[Round "3"]
[White "searchforbobby1"]
[Black "fatTITAN"]
[Result "1-0"]
[ICCResult "Black checkmated"]
[WhiteElo "2076"]
[BlackElo "1485"]
[Opening "Sicilian: Smith-Morra gambit"]
[ECO "B21"]
[NIC "SI.48"]
[Time "19:22:45"]
[TimeControl "180+0"]

1. e4 c5 2. d4 cxd4 3. c3 g6 4. cxd4 d5 5. e5 Bg7 6. Nc3 Nc6 7. Bb5 a6 8.
Bxc6+ bxc6 9. h3 f6 10. Nf3 fxe5 11. Nxe5 Qc7 12. f4 Nf6 13. O-O O-O 14. Na4
Ne4 15. b3 Bf5 16. Ba3 Rfe8 17. Rc1 Bd7 18. Nc5 Bxe5 19. fxe5 Nxc5 20. Bxc5
Rf8 21. Bd6 exd6 22. exd6 Qxd6 23. Qd3 Bf5 24. Qc3 Rac8 25. Qa5 c5 26. dxc5
Rxc5 27. Qxc5 Qe5 28. Rce1 Qg3 29. Qxd5+ Rf7 30. Re7 Kh8 31. Qxf7 Qh4 32.
Qg7# {Black checkmated} 1-0

[Event "ICCopen2016"]
[Site "Internet Chess Club"]
[Date "2016.06.03"]
[Round "3"]
[White "playbr"]
[Black "flinkfinger"]
[Result "0-1"]
[ICCResult "White forfeits on time"]
[WhiteElo "1673"]
[BlackElo "2260"]
[Opening "Sicilian defense"]
[ECO "B44"]
[NIC "SI.39"]
[Time "19:21:58"]
[TimeControl "180+0"]

1. e4 c5 2. Nf3 e6 3. d4 cxd4 4. Nxd4 Nc6 5. c4 Nf6 6. Nc3 Bb4 7. Qc2 Nxd4
8. Qd3 Nc6 9. Bg5 h6 10. Bh4 Qa5 11. Be2 Bxc3+ 12. bxc3 Nxe4 13. O-O Nf6 14.
Bxf6 gxf6 15. Rab1 b6 16. Rb5 Qa3 17. Qf3 Qe7 18. Rd1 Bb7 19. Qe3 Ne5 20. f4
Ng6 21. Re1 O-O 22. f5 exf5 23. Qxh6 Rae8 24. Rxf5 Qe3+ 25. Qxe3 Rxe3 26.
Kf2 Rfe8 27. g3 Kg7 28. h4 Rxc3 29. h5 Ne5 30. h6+ Kg6 31. Rh5 Rc2 32. h7
Nd3+ 33. Kf1 Nxe1 {White forfeits on time} 0-1

[Event "ICCopen2016"]
[Site "Internet Chess Club"]
[Date "2016.06.03"]
[Round "3"]
[White "faust"]
[Black "CrossShark"]
[Result "1-0"]
[ICCResult "Black resigns"]
[WhiteElo "3228"]
[BlackElo "2661"]
[Opening "French: Steinitz, Boleslavsky variation"]
[ECO "C11"]
[NIC "FR.04"]
[Time "19:22:33"]
[TimeControl "180+0"]

1. e4 e6 2. d4 d5 3. Nc3 Nf6 4. e5 Nfd7 5. f4 c5 6. Nf3 Nc6 7. Be3 a6 8. Qd2
Qb6 9. Nd1 Be7 10. c3 O-O 11. Bd3 f5 12. O-O Qa5 13. Qf2 cxd4 14. cxd4 b5
15. h3 Qd8 16. g4 g6 17. Qg3 Kh8 18. Rc1 Bb7 19. Nf2 Rc8 20. h4 Nb4 21. Bb1
Nb6 22. b3 Rg8 23. Kh2 a5 24. Qh3 Qf8 25. h5 Rxc1 26. Rxc1 Bc8 27. hxg6 Rxg6
28. g5 Bd7 29. Nh1 Nc6 30. Ng3 Nd8 31. Nh5 Nf7 32. Nf6 Bxf6 33. exf6 Nc8 34.
Ne5 Nxe5 35. dxe5 Qa3 36. Rc7 Qb2+ 37. Bc2 h6 38. f7 Qa3 39. Bc5 Qxa2
{Black resigns}
1-0

[Event "ICCopen2016"]
[Site "Internet Chess Club"]
[Date "2016.06.03"]
[Round "3"]
[White "Mandragora"]
[Black "Spirals"]
[Result "0-1"]
[ICCResult "White resigns"]
[WhiteElo "1583"]
[BlackElo "2169"]
[Opening "Sicilian: Steinitz variation"]
[ECO "B20"]
[NIC "SI.48"]
[Time "19:22:01"]
[TimeControl "180+0"]

1. e4 c5 2. g3 e6 3. Bg2 Nc6 4. c3 d5 5. exd5 exd5 6. d4 c4 7. Ne2 Nf6 8.
O-O h6 9. h3 Bd6 10. Bf4 O-O 11. Nd2 Re8 12. Bxd6 Qxd6 13. Nf4 Bf5 14. Re1
Rxe1+ 15. Qxe1 g5 16. Ne2 Re8 17. Qf1 Bd3 18. Re1 Qe6 19. Bf3 Ne4 20. Bxe4
dxe4 21. Qg2 e3 22. Nf3 exf2+ 23. Qxf2 Bxe2 24. d5 Qxd5 25. Nd4 Nxd4 26.
cxd4 Qe4 27. d5 b6 28. d6 Qd3 29. d7 Qxd7 30. Rxe2 Qd1+ {White resigns} 0-1

[Event "ICCopen2016"]
[Site "Internet Chess Club"]
[Date "2016.06.03"]
[Round "3"]
[White "DARKTRUDER"]
[Black "fledermaus"]
[Result "1-0"]
[ICCResult "Black forfeits on time"]
[WhiteElo "2291"]
[BlackElo "1640"]
[Opening "Richter-Veresov attack"]
[ECO "D01"]
[NIC "QP.08"]
[Time "19:22:30"]
[TimeControl "180+0"]

1. d4 d5 2. Nc3 Nf6 3. Bg5 Nbd7 4. Qd3 e6 5. e4 dxe4 6. Nxe4 Be7 7. Bxf6
Nxf6 8. Nf3 O-O 9. O-O-O b6 10. Neg5 Bb7 11. Ne5 h6 12. h4 c5 13. Ng4 hxg5
14. Nxf6+ Bxf6 15. hxg5 Bxg5+ 16. Kb1 g6 17. Qh3 Kg7 18. Qh7+ Kf6 19. f4
Bxf4 20. Qh4+ Bg5 21. Qf2+ Kg7 22. Bd3 Rh8 23. Rxh8 Qxh8 24. dxc5 bxc5 25.
Rf1 f5 26. Qxc5 Qf8 27. Qc7+ Qf7 28. Qe5+ Bf6 29. Qe2 Rd8 30. g4 Rxd3 31.
Qxd3 Be4 32. Qxe4 fxe4 33. g5 {Black forfeits on time} 1-0